 Dungeon Crawl Stone Soup version 0.24-a0-520-g8fd06ad0bc (webtiles) character file.

Game seed: 10624049349456598222

13743 Gargoyl the Cleaver (level 11, 0/91 HPs)
             Began as a Centaur Abyssal Knight on July 25, 2019.
             Was an Elder of Lugonu.
             Slain by a spiny frog (12 damage)
             ... on level 1 of the Lair of Beasts.
             The game lasted 00:21:23 (17257 turns).

Gargoyl the Cleaver (Centaur Abyssal Knight)       Turns: 17257, Time: 00:21:24

Health: 0/91       AC: 20    Str: 18    XL:     11   Next: 79%
Magic:  16/17      EV:  7    Int: 11    God:    Lugonu [****..]
Gold:   719        SH:  0    Dex:  9    Spells: 10/10 levels left

rFire    . . .     SeeInvis .   x - +0 hand axe (venom)
rCold    . . .     Gourm    .   (no shield)
rNeg     + . .     Faith    .   l - +5 storm dragon scales
rPois    .         Spirit   .   k - +0 helmet
rElec    +         Reflect  .   (no cloak)
rCorr    .         Harm     .   b - +1 pair of gloves
MR       +....                  (no barding)
Stlth    ..........             (no amulet)
HPRegen  0.25/turn              s - ring of protection from magic
MPRegen  0.15/turn              m - ring of positive energy

@: lethally poisoned (0 -> -6), very quick
A: large, hooves 3, deformed body, speed 2, tough skin 3
a: Depart the Abyss, Bend Space, Banish, Corrupt, Renounce Religion


You were on level 1 of the Lair of Beasts.
You worshipped Lugonu.
Lugonu was greatly pleased with you.
You were not hungry.

You visited 2 branches of the dungeon, and saw 12 of its levels.
You visited the Abyss 1 time.
You also visited: Sewer.

You collected 719 gold pieces.

Inventory:

Hand Weapons
 a - a +2 hand axe
 x - a +0 hand axe of venom (weapon)
Missiles
 r - 3 javelins (quivered)
Armour
 b - a +1 pair of gloves (worn)
 k - a +0 helmet (worn)
 l - +5 storm dragon scales (worn)
Jewellery
 i - an uncursed ring of protection from cold
 m - a ring of positive energy (right hand)
 s - a ring of protection from magic (left hand)
Wands
 p - a wand of iceblast (5)
 q - a wand of random effects (45)
Scrolls
 e - 6 scrolls of blinking
 f - 5 scrolls of identify
 h - 11 scrolls of remove curse
 j - 7 scrolls of teleportation
 u - 4 scrolls of fog
Potions
 d - 4 potions of haste
 g - a potion of mutation {unknown}
 n - a potion of curing
 t - 4 potions of flight
 v - 2 potions of resistance
Comestibles
 c - 21 rations
 o - a chunk of flesh


   Skills:
 + Level 6.9 Fighting
 + Level 9.3 Axes
 * Level 8.6 Armour
 * Level 5.4 Dodging
 * Level 8.9 Invocations
 + Level 0.2 Evocations


You had 10 spell levels left.
You didn't know any spells.
Your spell library contained the following spells:

 Spells                   Type           Power        Failure   Level  Hunger
 Flame Tongue             Conj/Fire      #....        97%         1    ##.....
 Throw Flame              Conj/Fire      #.....       99%         2    ###....
 Conjure Flame            Conj/Fire      #.......     100%        3    ####...
 Inner Flame              Hex/Fire       #.......     100%        3    ####...
 Sticky Flame             Conj/Fire      #.......     100%        4    #####..
 Fireball                 Conj/Fire      #.........   100%        5    ######.


Dungeon Overview and Level Annotations

Branches:
Dungeon (11/15)            Temple (0/1) D:7            Lair (1/6) D:11
    Orc: D:9-12

Altars:
Dithmenos
Sif Muna

Shops:
D:9 *   D:10 :


Innate Abilities, Weirdness & Mutations

You have hooves in place of feet.
Armour fits poorly on your strangely shaped body.
You cover ground very quickly.
You have extremely tough skin. (AC +3)


Message History

You kick the spiny frog, but do no damage.
The spiny frog is almost dead.
The spiny frog stings you but does no damage.
Your storm dragon scales prevents you from hitting the spiny frog.
You kick the spiny frog, but do no damage.
The spiny frog is almost dead.
The spiny frog barely misses you.
You hit the spiny frog but do no damage.
You kick the spiny frog.
The spiny frog is almost dead.
The spiny frog stings you!
You are poisoned.
The spiny frog poisons you!
You hit the spiny frog.
The spiny frog is almost dead.
You feel sick. The spiny frog stings you!
* * * LOW HITPOINT WARNING * * *
Unknown command.
Space bends around you!
You blink.
You feel sick. The spiny frog stings you!
You die...

.......##.#......)........####
...8...# #..#######...##....##
.......## ##.## ##.####....###
...#...F####..# ### #.††...#
).###....#.#..# ###...<.#
.##..#..F†#...## ###.P....## #
##...÷..#....### ###.......##
#...#.†.#......# #...#######
#####...#.##FF@####...#
##...##§#...##....#
#.>.####.........# #...#
#...##......# #...#
##...#......# #####
##..#.#....# #....###....
###.## ##P.. ### #.#


You could see 2 spiny frogs.

Vanquished Creatures
  Erica (Lair:1)
  A two-headed ogre (D:11)
  An unseen horror (D:11)
  A cyclops (D:10)
  A troll (D:11)
  5 blink frogs (Lair:1)
  5 hippogriffs
  A shadow (D:11)
  A wyvern (D:9)
  6 yaks (D:9)
  An acid dragon (D:10)
  A soldier ant (D:11)
  3 water moccasins
  3 orc warriors
  10 ice beasts
  2 eyes of draining
  A necrophage (D:11)
  The ghost of Grangar the Slasher, an amateur MiFi (D:3)
  2 sky beasts (D:9)
  8 ogres
  A phantom (D:10)
  4 wolves (Lair:1)
  3 centaurs
  A crocodile (Lair:1)
  4 big kobolds
  4 bullfrogs
  A gnoll sergeant (D:6)
  A wyvern skeleton (D:11)
  3 scorpions
  A killer bee (D:11)
  4 howler monkeys
  A wight (D:10)
  4 crimson imps
  3 quasits
  4 centaur skeletons
  10 orc wizards
  5 hounds
  3 jellies
  5 orc priests
  2 bullfrog skeletons
  2 iguanas
  8 worker ants
  A killer bee zombie (D:8)
  A hound skeleton (D:11)
  16 gnolls
  A howler monkey skeleton (D:6)
  A river rat (D:6)
  7 adders
  A shadow imp (D:4)
  3 oozes
  3 worms
  3 dart slugs
  9 leopard geckos
  32 orcs
  A ball python (D:2)
  3 giant cockroaches
  10 goblins
  9 hobgoblins
  10 jackals
  A quokka (D:2)
  4 bats (D:1)
  8 frilled lizards
  A giant cockroach zombie (D:6)
  20 kobolds
  A leopard gecko skeleton (D:4)
  13 rats
288 creatures vanquished.

Vanquished Creatures (others)
  2 two-headed ogres (D:8)
  An ugly thing (D:9)
  An acid dragon (D:11)
  An ice beast (D:11)
  A plant (Lair:1)
6 creatures vanquished.

Grand Total: 294 creatures vanquished

Notes
Turn   | Place    | Note
-------+----------+-------------------------------------------
     0 | Abyss:1  | Gargoyl the Centaur Abyssal Knight began the quest for the
                  | Orb.
     0 | Abyss:1  | Reached XP level 1. HP: 19/19 MP: 2/2
    48 | Abyss:2  | Found a corrupted altar of Lugonu.
    48 | Abyss:2  | Noticed a large abomination
    58 | D:1      | Escaped the Abyss
   107 | D:1      | Reached XP level 2. HP: 26/26 MP: 3/3
   198 | D:1      | Reached skill level 1 in Dodging
   252 | D:1      | Reached * piety under Lugonu
   410 | D:1      | Reached skill level 2 in Axes
   438 | D:1      | Reached XP level 3. HP: 31/31 MP: 4/4
  1298 | D:2      | Reached ** piety under Lugonu
  1850 | D:2      | Reached XP level 4. HP: 40/40 MP: 5/5
  3071 | D:3      | Reached XP level 5. HP: 28/46 MP: 7/7
  3425 | D:4      | Reached skill level 3 in Axes
  3802 | D:4      | Reached XP level 6. HP: 51/52 MP: 8/8
  3884 | D:4      | Found a runed translucent gate.
  3884 | D:4      | Found a runed translucent gate.
  3884 | D:4      | Noticed Grangar's ghost (amateur MiFi)
  3889 | D:4      | Found a runed translucent gate.
  4269 | D:4      | Found a shadowy altar of Dithmenos.
  4571 | D:4      | Reached *** piety under Lugonu
  4740 | D:3      | Reached XP level 7. HP: 42/59 MP: 9/9
  5032 | D:5      | Entered Level 5 of the Dungeon
  5193 | D:5      | Found a deep blue altar of Sif Muna.
  5439 | D:5      | Reached skill level 4 in Axes
  6431 | D:6      | Reached XP level 8. HP: 67/67 MP: 11/11
  6462 | D:6      | Found a glowing drain.
  6472 | Sewer    | Entered a sewer
  6679 | Sewer    | Found a white marble altar of Elyvilon.
  6817 | D:6      | Reached **** piety under Lugonu
  7160 | D:6      | Reached skill level 5 in Axes
  7253 | D:6      | Found a shadowy altar of Dithmenos.
  7550 | D:7      | Found a staircase to the Ecumenical Temple.
  7567 | D:7      | Reached skill level 5 in Invocations
  7770 | D:7      | Reached skill level 5 in Fighting
  8045 | D:7      | Reached skill level 5 in Armour
  8329 | D:7      | Reached XP level 9. HP: 74/74 MP: 13/13
  8654 | D:7      | Reached skill level 6 in Axes
  8962 | D:3      | Killed Grangar's ghost
  9133 | D:8      | Noticed a two-headed ogre
  9136 | D:8      | Banished a two-headed ogre
  9150 | D:8      | Noticed a two-headed ogre
  9152 | D:8      | Banished a two-headed ogre
  9478 | D:8      | You fall into a shaft and drop 1 floor!
  9519 | D:9      | Reached skill level 7 in Axes
  9603 | D:9      | Found Dajicer's General Store.
  9759 | D:8      | Reached XP level 10. HP: 49/83 MP: 14/14
 11137 | D:9      | Reached ***** piety under Lugonu
 11197 | D:9      | Got a scorched chain mail
 11208 | D:9      | Identified the +1 chain mail of Doamelec {rCorr} (You found
                  | it on level 9 of the Dungeon)
 11246 | D:10     | Entered Level 10 of the Dungeon
 11246 | D:10     | Noticed a red ugly thing
 11250 | D:9      | Banished a red ugly thing
 11755 | D:10     | Found Eqiesa Yruig's Book Boutique.
 11771 | D:10     | Reached skill level 8 in Axes
 12666 | D:11     | Noticed a deep troll earth mage
 12680 | D:11     | Found a frozen archway.
 13466 | D:11     | Banished a deep troll earth mage
 13466 | D:11     | Reached XP level 11. HP: 15/90 MP: 7/16
 13764 | D:11     | Noticed a two-headed ogre
 13785 | D:11     | Banished a two-headed ogre
 13963 | D:11     | Noticed a two-headed ogre
 13973 | D:11     | Killed a two-headed ogre
 14478 | D:11     | Noticed a death knight
 14488 | D:11     | Reached skill level 5 in Dodging
 15972 | D:11     | Found a staircase to the Lair.
 16032 | D:11     | Killed an unseen horror
 16032 | D:11     | Reached skill level 9 in Axes
 16429 | Lair:1   | Entered Level 1 of the Lair of Beasts
 16451 | Lair:1   | Noticed Erica
 16482 | Lair:1   | Killed Erica
 17257 | Lair:1   | Slain by a spiny frog

Levels and vault maps discovered:
D:1:      dpeg_arrival_line_fractal, layout_loops_ring
D:2:      layout_basic
D:3:      layout_basic, serial_glass, glass_columns_a, glass_columns_a
D:4:      layout_gridville, gammafunk_ghost_split, grunt_dithmenos_shadows
D:5:      layout_loops_ring, first_ration, led_sif_book
D:6:      layout_loops_ring, kennysheep_mini_moat, portal_sewer_entry_a
D:7:      layout_rooms, minmay_temple_entry_statues_pillars
D:8:      layout_rooms
D:9:      layout_basic, serial_shops, shop
D:10:     layout_basic, serial_shops, shop
D:11:     minmay_the_grid_3x3 [minmay_the_grid_tiny_cups,
          minmay_the_grid_outer_circle, minmay_the_grid_minigrid_small,
          minmay_the_grid_minigrid_large, minmay_the_grid_minigrid_small_alt,
          minmay_the_grid_doors, minmay_the_grid_embedded,
          minmay_the_grid_eight, minmay_the_grid_prize_big_room],
          layout_irregular_city, lair_entry_dummy,
          portal_ice_cave_entry_ice_beasts
Lair:1:   layout_misc_corridors, st_stairs_7, beast_lair_carwin_1,
          grunt_megastairs_4, uniq_erica

Skill      XL: |  1  2  3  4  5  6  7  8  9 10 11 |
---------------+----------------------------------+-----
Dodging        | 1 2 3 4 5 |  5.4
Axes           | 2 3 4 5 7 8 9 |  9.3
Armour         | 2 3 4 5 6 7 8 |  8.6
Invocations    | 3 4 5 6 7 8 |  8.9
Fighting       | 4 5 6 |  6.9
Evocations     | |  0.2

Action                   |  1- 3 |  4- 6 |  7- 9 | 10-12 || total
-------------------------+-------+-------+-------+-------++-------
Melee: Hand axe          |   109 |   139 |   452 |   673 ||  1373
       Kick              |     9 |    30 |    94 |   152 ||   285
Invok: Depart the Abyss  |     1 |       |       |       ||     1
       Banish            |       |       |     2 |     9 ||    11
       Bend Space        |       |       |       |     2 ||     2
Evoke: Wand              |       |       |     2 |     2 ||     4
  Use: Scroll            |     8 |     9 |     6 |     2 ||    25
       Potion            |       |       |     7 |     6 ||    13
  Eat: Chunk             |     1 |     7 |    16 |    15 ||    39
       Ration            |       |       |       |     3 ||     3
Armor: Leather armour    |     5 |       |       |       ||     5
       Ring mail         |    31 |       |       |       ||    31
       Storm dragon scal |    15 |    97 |   392 |   550 ||  1054
Dodge: Dodged            |    43 |    28 |   170 |   212 ||   453

Table legend:
 A = Non-vault XP
 B = Vault XP
 C = Vault XP percentage of total XP
 D = Non-vault monster count
 E = Vault monster count
 F = Vault count percentage of total count
                 A         B        C        D         E       F
            +---------+---------+-------+---------+---------+-------
      Total |   11419 |    8214 |  41.8 |     233 |      62 |  21.0
            +---------+---------+-------+---------+---------+-------
        D:1 |      68 |       0 |   0.0 |      27 |       0 |   0.0
        D:2 |      30 |       0 |   0.0 |      16 |       0 |   0.0
        D:3 |     134 |     260 |  66.0 |      23 |       3 |  11.5
        D:4 |     412 |      11 |   2.6 |      17 |       1 |   5.6
        D:5 |     416 |      49 |  10.5 |      17 |       2 |  10.5
        D:6 |     506 |      18 |   3.4 |      13 |       5 |  27.8
        D:7 |    1416 |       0 |   0.0 |      36 |       0 |   0.0
        D:8 |    2006 |       0 |   0.0 |      16 |       0 |   0.0
        D:9 |    2780 |       0 |   0.0 |      27 |       0 |   0.0
       D:10 |    1225 |    1527 |  55.5 |      15 |      11 |  42.3
       D:11 |    1910 |    3823 |  66.7 |      21 |      20 |  48.8
     Lair:1 |     516 |    2407 |  82.3 |       5 |       7 |  58.3
      Sewer |       0 |     119 | 100.0 |       0 |      13 | 100.0
            +---------+---------+-------+---------+---------+-------
